 Dungeon Crawl Stone Soup version 0.25-a0-589-g1e14c549ee (webtiles) character file.

Game seed: 11261597193800418299, levelgen mode: deterministic

454 Devinter the Slasher (level 6, -1/51 HPs)
             Began as a Draconian Skald on Mar 10, 2020.
             Slain by an orc
             ... wielding a +0 war axe
              (3 damage)
             ... on level 8 of the Dungeon.
             The game lasted 00:19:45 (3968 turns).

Devinter the Slasher (Draconian Skald)              Turns: 3968, Time: 00:19:46

Health: -1/51      AC:  6    Str: 13    XL:     6   Next: 76%
Magic:  11/11      EV: 13    Int: 13    God:
Gold:   108        SH:  0    Dex: 13    Spells: 1/11 levels left

rFire    . . .     SeeInvis .   a - +0 falchion
rCold    . . .     Gourm    .   (no shield)
rNeg     . . .     Faith    .   (armour unavailable)
rPois    .         Spirit   .   (helmet restricted)
rElec    .         Reflect  .   (no cloak)
rCorr    .         Harm     .   (no gloves)
MR       .....                  (no boots)
Stlth    +.........             (no amulet)
HPRegen  0.17/turn              (no ring)
MPRegen  0.12/turn              (no ring)

@: stab, slowed, very slow
A: unfitting armour, cold-blooded, AC +6
a: no special abilities


You were on level 8 of the Dungeon.
You were not hungry.

You visited 1 branch of the dungeon, and saw 6 of its levels.

You collected 108 gold pieces.

Inventory:

Hand Weapons
 a - a +0 falchion (weapon)
 e - a +1 spear of chaos
 i - a cursed -2 dagger
 k - a +0 longbow
Missiles
 f - 33 poisoned darts (quivered)
 l - 20 bolts
 m - 2 javelins
 o - a throwing net
 u - 16 arrows
Wands
 s - a wand of flame (5)
 v - a wand of paralysis (9)
Scrolls
 d - 9 scrolls of identify {unknown}
 g - a scroll of noise {unknown}
 n - a scroll of enchant armour {unknown}
 p - 4 scrolls of blinking {unknown}
 r - a scroll of fog {unknown}
 t - 2 scrolls of remove curse {unknown}
Potions
 b - a potion of curing
 h - a potion of heal wounds {unknown}
 j - a potion of stabbing
Comestibles
 c - 9 rations


   Skills:
 - Level 3.0 Fighting
 * Level 4.8 Long Blades
 - Level 3.0 Dodging
 + Level 3.3 Spellcasting
 - Level 3.0 Charms
 + Level 1.3 Translocations
 + Level 2.1 Ice Magic


You had one spell level left.
You knew the following spells:

 Your Spells              Type           Power        Failure   Level  Hunger
a - Infusion              Chrm           ##..         6%          1    #......
b - Song of Slaying       Chrm           ##......     10%         2    ##.....
c - Ozocubu's Armour      Chrm/Ice       #.......     24%         3    ###....
d - Shroud of Golubria    Chrm/Tloc      #.....       14%         2    ##.....
e - Blink                 Tloc           N/A          19%         2    ##.....

Your spell library contained the following spells:

 Spells                   Type           Power        Failure   Level  Hunger
 Apportation              Tloc           #.....       13%         1    #......
 Animate Skeleton         Necr           N/A          22%         1    #......
 Corona                   Hex            #......      22%         1    #......
 Magic Dart               Conj           #...         22%         1    #......
 Summon Small Mammal      Summ           #...         22%         1    #......
 Call Imp                 Summ           #.......     32%         2    ##.....
 Slow                     Hex            #.......     32%         2    ##.....
 Spectral Weapon          Hex/Chrm       #.......     34%         3    ###....
 Conjure Flame            Conj/Fire      #.......     54%         3    ###....
 Mephitic Cloud           Conj/Pois/Air  #.......     54%         3    ###....


Dungeon Overview and Level Annotations

Branches:
Dungeon (5/15)
 Temple: D:4-7

Altars:
Cheibriados
Fedhas
Gozag
Okawaru
Sif Muna
Trog
Wu Jian
Xom


Innate Abilities, Weirdness & Mutations

Your plain brown scales are hard. (AC +6)
You cannot fit into any form of body armour.
You are cold-blooded and may be slowed by cold attacks.


Message History

The shaft crumbles and collapses. 2 orcs come into view.
The orc shouts!
You hear a shout!
Found 16 arrows.
You see here 16 arrows.
u - 16 arrows An ice beast comes into view.
An orc priest comes into view. It is wielding a +0 club.
It was a potion of curing.
You feel better.
It was a potion of stabbing.
You feel ready to backstab. The ice beast hits you.
* * * LOW HITPOINT WARNING * * *
The ice beast freezes you!
You feel yourself slow down.
* * * LOW HITPOINT WARNING * * *
A wyvern comes into view.
The orc closely misses you.
It was a potion of magic.
Magic courses through your body. The ice beast closely misses you.
The orc hits you with a +0 war axe.
You die...

#### ..# #.#
####.####
#..o....#
#.#####o###
#.#####.o.#
........#@#
.#.#####.Y.#
.o#.# #..##
.. .o.
.....# ...
..#####l^#
... ..# #..#
... #...
o...


You could see a wyvern (wandering), an ice beast and 2 orcs.

Vanquished Creatures
  An ogre (D:3)
  3 electric eels (D:3)
  2 orc wizards (D:3)
  6 gnolls
  4 adders
  2 oozes
  2 worms (D:2)
  2 dart slugs
  2 leopard geckos
  4 orcs
  A ball python (D:3)
  2 giant cockroaches
  11 goblins
  7 hobgoblins
  6 jackals
  13 kobolds
  A quokka (D:5)
  7 bats
  3 frilled lizards
  A quokka skeleton (D:2)
  6 rats
86 creatures vanquished.

Notes
Turn   | Place    | Note
-------+----------+-------------------------------------------
     0 | D:1      | Devinter the Draconian Skald began the quest for the Orb.
     0 | D:1      | Reached XP level 1. HP: 17/17 MP: 3/3
   227 | D:1      | Reached XP level 2. HP: 24/25 MP: 5/5
   915 | D:2      | Reached XP level 3. HP: 30/30 MP: 6/6
  1015 | D:2      | Reached skill level 3 in Charms
  1024 | D:2      | Learned a level 2 spell: Song of Slaying
  1028 | D:2      | Learned a level 3 spell: Ozocubu's Armour
  1135 | D:2      | Found a shimmering altar of Xom.
  1149 | D:2      | Reached skill level 3 in Long Blades
  1155 | D:2      | Reached XP level 4. HP: 16/37 MP: 5/7
  1732 | D:2      | Found an iron altar of Okawaru.
  1805 | D:2      | Reached skill level 3 in Fighting
  1849 | D:2      | Learned a level 2 spell: Shroud of Golubria
  1967 | D:2      | Found a bloodstained altar of Trog.
  2213 | D:2      | Found an opulent altar of Gozag.
  2213 | D:2      | Found an ornate altar of the Wu Jian Council.
  2440 | D:3      | Found a snail-covered altar of Cheibriados.
  2502 | D:3      | Noticed an ogre
  2508 | D:3      | Reached XP level 5. HP: 45/45 MP: 9/9
  2521 | D:3      | Killed an ogre
  2521 | D:3      | Reached skill level 4 in Long Blades
  2521 | D:3      | Reached skill level 3 in Dodging
  2521 | D:3      | Reached skill level 3 in Spellcasting
  2521 | D:3      | Reached skill level 1 in Ice Magic
  3123 | D:3      | Learned a level 2 spell: Blink
  3128 | D:3      | Found a transporter.
  3130 | D:3      | Found a transporter.
  3604 | D:3      | Reached XP level 6. HP: 51/51 MP: 7/10
  3618 | D:3      | Reached skill level 1 in Translocations
  3735 | D:3      | Found a shimmering blue altar of Sif Muna.
  3750 | D:3      | Reached skill level 2 in Ice Magic
  3863 | D:4      | You fall into a shaft and drop 1 floor!
  3863 | D:5      | Entered Level 5 of the Dungeon
  3888 | D:5      | Found a blossoming altar of Fedhas.
  3896 | D:5      | HP: 2/51 [gnoll shaman/+0 whip (7)]
  3919 | D:5      | HP: 5/51 [gnoll (1)]
  3920 | D:5      | HP: 2/51 [quokka (3)]
  3932 | D:5      | HP: 1/51 [quokka (2)]
  3954 | D:5      | You fall into a shaft and drop 3 floors!
  3962 | D:8      | Noticed an ice beast
  3967 | D:8      | HP: 2/51 [ice beast (9)]
  3967 | D:8      | Noticed a wyvern
  3968 | D:8      | Slain by an orc

Levels and vault maps discovered:
D:1:      dpeg_chamrin_arrival_tetris, layout_loops_ring, minmay_crystal_room
D:2:      layout_loops_ring, lemuel_crystal_altar,
          nicolae_overflow_hidden_temple, gammafunk_temple_overflow_elements,
          tgw_xom
D:3:      gammafunk_steamed_eel, layout_loops_ring, cheibriados_altar_1,
          first_ration, led_sif_book
D:4:      layout_cave_pools, portal_sewer_entry_f
D:5:      layout_loops_cross, nicolae_qazlal_style_of_elements,
          minmay_temple_entry_poolview, fedhas_ov_isle_minmay
D:8:      layout_loops_ring, david_lair_shrubbed, serial_shops, shop

Skill      XL: |  1  2  3  4  5  6 |
---------------+-------------------+-----
Charms         | 3 |  3.0
Long Blades    | 3 4 |  4.8
Fighting       | 3 |  3.0
Dodging        | 3 |  3.0
Spellcasting   | 3 |  3.3
Ice Magic      | 1 2 |  2.1
Translocations | 1 |  1.3

Action                   |  1- 3 |  4- 6 || total
-------------------------+-------+-------++-------
Melee: Falchion          |   101 |   139 ||   240
       Tailslap          |    14 |    17 ||    31
Throw: Dart              |     9 |    60 ||    69
       Javelin           |     2 |     2 ||     4
 Cast: Ozocubu's Armour  |     2 |     5 ||     7
       Infusion          |     1 |       ||     1
       Shroud of Golubri |       |     4 ||     4
       Song of Slaying   |       |     1 ||     1
Evoke: Wand              |       |    21 ||    21
  Use: Potion            |       |     3 ||     3
 Stab: Paralysed         |       |     2 ||     2
  Eat: Chunk             |       |    11 ||    11
Armor: Skin              |    30 |    28 ||    58
Dodge: Dodged            |    78 |   102 ||   180
       Rpst.: Falchion   |    23 |    38 ||    61

Table legend:
 A = Non-vault XP
 B = Vault XP
 C = Vault XP percentage of total XP
 D = Non-vault monster count
 E = Vault monster count
 F = Vault count percentage of total count
                 A         B        C        D         E       F
            +---------+---------+-------+---------+---------+-------
      Total |     371 |     278 |  42.8 |      74 |      12 |  14.0
            +---------+---------+-------+---------+---------+-------
        D:1 |      52 |       0 |   0.0 |      23 |       0 |   0.0
        D:2 |      82 |      31 |  27.4 |      22 |       7 |  24.1
        D:3 |     208 |     247 |  54.3 |      26 |       5 |  16.1
        D:4 |      13 |       0 |   0.0 |       1 |       0 |   0.0
        D:5 |      16 |       0 |   0.0 |       2 |       0 |   0.0
            +---------+---------+-------+---------+---------+-------
